 Dungeon Crawl Stone Soup version 0.24-a0-451-g263dff2034 (webtiles) character file.

Game seed: 7006442742288297867

106580 Engwar the Brawler (level 15, -11/149 HPs)
             Began as a Troll Hunter on June 25, 2019.
             Was the Champion of Ashenzari.
             Killed from afar by a crystal guardian (36 damage)
             ... with a crystal bolt
             ... on level 13 of the Dungeon on June 26, 2019.
             The game lasted 02:09:09 (21785 turns).

Engwar the Brawler (Troll Hunter)                  Turns: 21785, Time: 02:09:09

Health: -11/149    AC: 18    Str: 27      XL:     15   Next: 98%
Magic:  8/17       EV: 13    Int:  7 (9)  God:    Ashenzari [******]
Gold:   429        SH: 15    Dex:  7      Spells: 2/18 levels left

rFire    + . .     SeeInvis +     - Unarmed
rCold    . . .     Gourm    +   x - +0 shield (curse)
rNeg     + . .     Faith    .   e - +3 steam dragon scales (curse)
rPois    +         Spirit   .   h - +2 hat (curse)
rElec    .         Reflect  +   k - +2 cloak (curse)
rCorr    .         Harm     .   (gloves unavailable)
MR       +....     Clarity  +   (boots unavailable)
Stlth    +.........             J - +3 amulet of reflection (curse)
HPRegen  0.74/turn              Q - +2 ring of slaying (curse)
MPRegen  0.15/turn              M - ring of Mizaall {rPois rF+ rN+ Dex-3 Slay+6} (curse)

@: no status effects
A: large, unfitting armour, claws 3, fast metabolism 3, gourmand, regeneration
1, shaggy fur 1, tough skin 3
a: Curse Item, Scrying, Transfer Knowledge, Renounce Religion


You were on level 13 of the Dungeon.
You worshipped Ashenzari.
Ashenzari was exalted by your worship.
You were completely stuffed.

You visited 4 branches of the dungeon, and saw 22 of its levels.
You also visited: Sewer, Ossuary, Gauntlet and Volcano.

You collected 2209 gold pieces.
You spent 1780 gold pieces at shops.

Inventory:

Missiles
 c - 25 large rocks (quivered)
 j - 8 silver javelins
Armour
 e - cursed +3 steam dragon scales (worn)
 h - a cursed +2 hat (worn)
 k - a cursed +2 cloak (worn)
 m - +0 acid dragon scales
 o - the cursed +0 large shield of Autotheism {Str+3}
   (You acquired it on level 9 of the Dungeon)

   It affects your strength (+3).
   It has a curse placed upon it.
 x - a cursed +0 shield (worn)
 y - +0 fire dragon scales
 R - a +2 hat of intelligence
 Y - the +5 robe of Night {Dark MR+ SInv}
   (You found it in a Gauntlet)

   It affects your resistance to hostile enchantments.
   It lets you see invisible.
 Z - the cursed +0 large shield of the Ecumenical Temple {*Contam rElec rF++ Dex+3}
   (You took it off a minotaur in a Gauntlet)

   It affects your dexterity (+3).
   It greatly protects you from fire.
   It insulates you from electricity.
   It causes magical contamination when unequipped.
   It has a curse placed upon it.
Jewellery
 b - an uncursed ring of resist corrosion
 J - a cursed +3 amulet of reflection (around neck)
 M - the cursed ring of Mizaall (right claw) {rPois rF+ rN+ Dex-3 Slay+6}
   (You found it on level 10 of the Dungeon)

   [ring of protection from fire]

   It affects your dexterity (-3).
   It affects your accuracy and damage with ranged weapons and melee attacks
   (+6).
   It protects you from fire.
   It protects you from poison.
   It protects you from negative energy.
   It has a curse placed upon it.
 Q - a cursed +2 ring of slaying (left claw)
 T - the ring of Itzous {rElec rPois SInv}
   (You found it in a Gauntlet)

   [ring of see invisible]

   It insulates you from electricity.
   It protects you from poison.
   It lets you see invisible.
Wands
 t - a wand of iceblast (9)
 u - a wand of polymorph (18)
 I - a wand of scattershot (5)
 U - a wand of paralysis (6)
Scrolls
 d - 2 scrolls of remove curse
 g - 9 scrolls of teleportation
 n - a scroll of fog
 z - 2 scrolls of fear
 A - a scroll of enchant weapon
 D - 6 scrolls of identify
 F - 2 scrolls of magic mapping
 K - 3 scrolls of amnesia
 L - a scroll of blinking
 O - 2 scrolls of summoning
Potions
 a - 2 potions of mutation
 i - a potion of heal wounds
 l - 16 potions of curing
 p - 2 potions of brilliance
 q - 3 potions of resistance
 r - 6 potions of invisibility
 s - 2 potions of flight
 w - a potion of haste
 B - a potion of ambrosia
 C - 3 potions of magic
 E - 3 potions of agility
 N - a potion of might
 V - a potion of cancellation
Miscellaneous
 H - a lightning rod (4/4)
 P - 2 phantom mirrors
 S - a lightning rod (4/4)
 W - a phial of floods
Comestibles
 f - 42 rations
 v - a chunk of flesh


   Skills:
 - Level 10.0 Fighting
 - Level 5.1 Throwing
 - Level 5.0 Armour
 - Level 5.0(9.4) Dodging
 - Level 0.3(1.7) Stealth
 - Level 7.5(10.6) Shields
 + Level 20.2 Unarmed Combat
 - Level 2.0 Spellcasting
 - Level 2.0(5.3) Charms
 + Level 3.5(7.5) Translocations
 - Level 1.8(5.0) Transmutations
 - Level 2.8(6.5) Evocations


You had 2 spell levels left.
You knew the following spells:

 Your Spells              Type           Power        Failure   Level  Hunger
a - Apportation           Tloc           ##....       1%          1    ##.....
b - Summon Butterflies    Summ           #.......     28%         1    ##.....
c - Lesser Beckoning      Tloc           ##........   4%          3    ####...
d - Petrify               Tmut/Erth      #.......     75%         4    #####..
e - Blink                 Tloc           N/A          2%          2    ###....
f - Teleport Other        Tloc           ##......     4%          3    ####...
g - Shroud of Golubria    Chrm/Tloc      #.....       4%          2    ###....

Your spell library contained the following spells:

 Spells                   Type           Power        Failure   Level  Hunger
 Corona                   Hex            #......      28%         1    ##.....
 Magic Dart               Conj           #...         28%         1    ##.....
 Ensorcelled Hibernation  Hex/Ice        #.....       41%         2    ###....
 Poisonous Vapours        Pois/Air       #.....       41%         2    ###....
 Searing Ray              Conj           #.....       41%         2    ###....
 Sublimation of Blood     Necr           #.........   41%         2    ###....
 Gell's Gravitas          Tloc           ##........   4%          3    ####...
 Passage of Golubria      Tloc           N/A          17%         4    #####..
 Recall                   Summ/Tloc      N/A          22%         3    ####...
 Regeneration             Chrm/Necr      #.........   32%         3    ####...
 Ignite Poison            Fire/Tmut/Pois #.......     43%         3    ####...
 Force Lance              Conj/Tloc      #.......     56%         4    #####..
 Confuse                  Hex            #.......     65%         3    ####...
 Conjure Flame            Conj/Fire      #.......     65%         3    ####...
 Dazzling Spray           Conj/Hex       #.....       65%         3    ####...
 Mephitic Cloud           Conj/Pois/Air  #.......     65%         3    ####...
 Tukima's Dance           Hex            #.......     65%         3    ####...
 Blade Hands              Tmut           #.........   80%         5    ######.
 Animate Dead             Necr           N/A          96%         4    #####..
 Cause Fear               Hex            #.........   96%         4    #####..
 Fulminant Prism          Conj/Hex       #.........   96%         4    #####..
 Iskenderun's Mystic Bla  Conj           #.......     96%         4    #####..
 Alistair's Intoxication  Tmut/Pois      #.......     97%         5    ######.
 Irradiate                Conj/Tmut      #.........   97%         5    ######.
 Yara's Violent Unravell  Hex/Tmut       #.........   97%         5    ######.
 Borgnjor's Vile Clutch   Necr/Erth      #.........   100%        5    ######.
 Silence                  Hex/Air        #.........   100%        5    ######.
 Death Channel            Necr           #.........   100%        6    #######
 Deflect Missiles         Chrm/Air       #.........   100%        6    #######
 Freezing Cloud           Conj/Ice/Air   #.........   100%        6    #######
 Hydra Form               Tmut           #.........   100%        6    #######
 Invisibility             Hex            #.......     100%        6    #######
 Simulacrum               Ice/Necr       #.........   100%        6    #######
 Statue Form              Tmut/Erth      #........    100%        6    #######
 Dragon Form              Tmut           #.........   100%        7    #######
 Ring of Flames           Chrm/Fire      #.........   100%        7    #######
 Discord                  Hex            #.........   100%        8    #######


Dungeon Overview and Level Annotations

Branches:
Dungeon (13/15)            Temple (1/1) D:6            Lair (6/6) D:11
 Shoals (0/4) Lair:3       Spider (0/4) Lair:2        Slime (0/5) Lair:5
    Orc (2/2) D:11            Elf (0/3) Orc:2
 Vaults: D:13-14

Altars:
Ashenzari
Cheibriados
Dithmenos
Gozag
Hepliaklqana
Nemelex Xobeh
Okawaru
Trog
Vehumet
Xom

Shops:
D:8 **([   D:9 ?=   D:10 }   Orc:2 [(!(::[:

Annotations:
D:5 2 transporters, P0WERM0DE's ghost, novice FoFi
D:13 exclusion: orange crystal statue
Lair:5 exclusion: oklob plant


Innate Abilities, Weirdness & Mutations

You are too large for most types of armour.
You have claws for hands.
Your metabolism is lightning-fast.
You like to eat raw meat.
Your natural rate of healing is unusually fast.
You are covered in fur. (AC +1)
You have extremely tough skin. (AC +3)


Message History

Something feeds on your intellect!
The crystal guardian fires a crystalline bolt at you.
The crystal bolt misses you. The crystal bolt burns you!! You resist.
Unknown command.
You mangle the crystal guardian!!
The crystal guardian is severely damaged.
You mangle the crystal guardian!!
The crystal guardian is almost destroyed.
The crystal guardian hits you!
The crystal guardian fires a crystalline bolt at you.
The crystal bolt freezes the crystal guardian.
The crystal guardian completely resists.
The crystal bolt freezes you!!!
* * * LOW HITPOINT WARNING * * *
Casting: Lesser Beckoning (safe; 4% risk of failure)
Confirm with . or Enter, or press ? or * to list all spells.
You blink.
The crystal guardian fires a crystalline bolt at you.
The crystal bolt freezes you!!!
You die...

#≈##Y=...}$ ∆#≈.##
#≈8YY..$8}. ,#≈###
#8##..[...., #≈# #
#○##.(.%=.. ∆#≈# #
#○#*.$..$..∆ #≈###
##○#*..|)..(,{#≈...
#.○############≈.##
#.○≈≈≈≈≈≈≈≈≈≈≈≈≈.#
#.@............).#
##################


You could see 2 crystal guardians.

Vanquished Creatures
  Rupert (Lair:6)
  Gastronok (D:12)
  Kirke (Lair:5)
  An emperor scorpion (Lair:3)
  An orc warlord (Orc:1)
  A minotaur (Gauntlet)
  Josephine (Orc:1)
  2 ogre magi
  Harold (D:7)
  A fire dragon (Volcano)
  Fannar (Lair:1)
  9 hydras
  4 centaur warriors
  A catoblepas (Lair:6)
  18 two-headed ogres
  8 death yaks
  Urug (Lair:2)
  An orc high priest (Orc:1)
  A hell hog (Gauntlet)
  An unseen horror (D:10)
  2 deep trolls
  2 orc knights (Orc:1)
  A lindwurm (Lair:6)
  Pikel (D:7)
  A deep elf mage (D:13)
  5 ugly things
  4 orc sorcerers
  4 cyclopes
  3 manticores
  Maurice (D:11)
  19 elephants
  3 salamanders (Volcano)
  9 black mambas
  2 large abominations (Gauntlet)
  15 spiny frogs
  3 komodo dragons
  A polar bear (Lair:6)
  A tyrant leech (Lair:3)
  16 trolls
  3 jumping spiders (Lair:2)
  23 blink frogs
  4 slime creatures
  2 dream sheep (Lair:6)
  9 hippogriffs
  A meliai zombie (D:10)
  A redback (Lair:2)
  4 shadows (Gauntlet)
  A spriggan (D:7)
  3 wraiths (Orc:1)
  5 wyverns
  28 yaks
  4 small abominations (Gauntlet)
  8 fire bats
  4 hogs (Lair:5)
  A basilisk (Lair:4)
  4 hungry ghosts
  2 steam dragons (Volcano)
  5 wargs
  2 acid dragons
  12 water moccasins
  A hell hound (Gauntlet)
  7 porcupines
  5 ice beasts
  A black bear (Lair:3)
  4 sky beasts
  23 orc warriors
  A phantom (D:7)
  2 necrophages
  4 slaves (D:7)
  28 ogres
  17 centaurs
  10 wolves
  18 crocodiles
  6 big kobolds
  17 bullfrogs
  2 gnoll sergeants
  11 scorpions
  A water moccasin skeleton (D:8)
  9 killer bees
  23 wights
  5 howler monkeys
  3 bullfrog zombies
  5 centaur zombies
  5 crimson imps
  5 hounds
  A quasit (D:8)
  A gnoll shaman (D:5)
  Crazy Yiuf (D:7)
  4 centaur skeletons
  7 jellies
  22 orc wizards
  3 human zombies (Ossuary)
  15 orc priests
  A bullfrog skeleton (D:12)
  Ijyb (D:4)
  3 iguanas
  6 worker ants
  4 big kobold zombies (Ossuary)
  2 hound skeletons
  3 mummies (Ossuary)
  3 worker ant zombies
  11 gnolls
  15 adders
  2 howler monkey skeletons (D:8)
  A scorpion zombie (Ossuary)
  2 river rats
  2 shadow imps
  2 oozes
  An adder zombie (D:5)
  3 adder skeletons
  3 worms
  2 dart slugs
  3 leopard geckos
  81 orcs
  2 ball pythons (Sewer)
  10 bats
  7 giant cockroaches
  2 gnoll zombies (Ossuary)
  11 hobgoblins
  11 jackals
  19 kobolds
  4 quokkas
  7 frilled lizards
  5 goblins
  2 goblin zombies (Ossuary)
  A kobold zombie (Ossuary)
  An orc zombie (Ossuary)
  19 rats
  A plant (Lair:2)
795 creatures vanquished.

Vanquished Creatures (others)
  A centaur warrior (D:13)
  A steam dragon (Volcano)
  A centaur (D:12)
  2 scorpions (Ossuary)
  An orc wizard (Orc:2)
  An orc (D:12)
  An orc zombie (Ossuary)
  2 demonic plants (Gauntlet)
  12 fungi
  8 plants
30 creatures vanquished.

Grand Total: 825 creatures vanquished

Notes
Turn   | Place    | Note
-------+----------+-------------------------------------------
     0 | D:1      | Engwar the Troll Hunter began the quest for the Orb.
     0 | D:1      | Reached XP level 1. HP: 19/19 MP: 0/0
    88 | D:1      | Reached skill level 1 in Unarmed Combat
   111 | D:1      | Reached XP level 2. HP: 27/27 MP: 1/1
   473 | D:1      | Reached XP level 3. HP: 33/33 MP: 2/2
   752 | D:2      | Reached skill level 2 in Unarmed Combat
   964 | D:2      | Reached XP level 4. HP: 41/41 MP: 3/3
  1294 | D:3      | Found a glowing drain.
  1325 | Sewer    | Entered a sewer
  1330 | Sewer    | Reached skill level 3 in Unarmed Combat
  1352 | Sewer    | Reached XP level 5. HP: 47/48 MP: 4/4
  1537 | Sewer    | Reached skill level 4 in Unarmed Combat
  1537 | Sewer    | Reached XP level 6. HP: 48/55 MP: 5/5
  2351 | D:4      | Noticed Ijyb
  2376 | D:4      | Killed Ijyb
  2434 | D:4      | Reached skill level 5 in Unarmed Combat
  2606 | D:4      | Reached XP level 7. HP: 62/62 MP: 6/6
  2962 | D:5      | Entered Level 5 of the Dungeon
  3057 | D:5      | Found a transporter.
  3057 | D:5      | Noticed P0WERM0DE's ghost (novice FoFi)
  3085 | D:5      | Reached skill level 5 in Dodging
  3098 | D:5      | Found a transporter.
  3344 | D:5      | Reached skill level 6 in Unarmed Combat
  3503 | D:5      | Reached XP level 8. HP: 22/75 MP: 7/7
  3876 | D:6      | Found a staircase to the Ecumenical Temple.
  3890 | Temple   | Entered the Ecumenical Temple
  3905 | Temple   | Became a worshipper of Ashenzari the Shackled
  3986 | D:6      | Found a snail-covered altar of Cheibriados.
  4132 | D:6      | Reached skill level 7 in Unarmed Combat
  4163 | D:6      | Upgraded the game from 0.24-a0-447-ge8da9206dc to
                  | 0.24-a0-451-g263dff2034
  4246 | D:6      | Reached skill level 1 in Shields
  4546 | D:6      | Reached skill level 8 in Unarmed Combat
  4546 | D:6      | Reached XP level 9. HP: 87/87 MP: 8/8
  4865 | D:7      | Reached skill level 5 in Fighting
  4995 | D:7      | Found a sand-covered staircase.
  5000 | Ossuary  | Entered an ossuary
  5202 | Ossuary  | Reached * piety under Ashenzari
  5238 | Ossuary  | Reached skill level 9 in Unarmed Combat
  5434 | D:7      | Noticed Harold
  5450 | D:7      | Killed Harold
  5450 | D:7      | Reached skill level 5 in Shields
  5457 | D:7      | Reached XP level 10. HP: 38/96 MP: 9/9
  5516 | D:7      | Reached skill level 10 in Unarmed Combat
  5736 | D:7      | Noticed Pikel
  5768 | D:7      | Killed Pikel
  5979 | D:7      | Found a runed translucent door.
  5980 | D:7      | Noticed Crazy Yiuf
  5986 | D:7      | Killed Crazy Yiuf
  6091 | D:7      | Found a bloodstained altar of Trog.
  6181 | D:8      | Found Zotoor's General Store.
  6223 | D:8      | Found Dotzin's General Store.
  6257 | D:8      | Noticed a two-headed ogre
  6259 | D:8      | Killed a two-headed ogre
  6259 | D:8      | Reached skill level 11 in Unarmed Combat
  6897 | D:8      | Found Ajob's Antique Armour Shoppe.
  6906 | D:8      | Bought an ichor-stained robe for 148 gold pieces
  6916 | D:8      | Identified the +1 robe of Unambiguity {*Corrode rN++} (You
                  | bought it in a shop on level 8 of the Dungeon)
  6922 | D:8      | Bought an embroidered robe for 96 gold pieces
  6996 | D:8      | Found Mask's Weapon Boutique.
  7395 | D:9      | Reached ** piety under Ashenzari
  7429 | D:9      | Reached XP level 11. HP: 102/102 MP: 10/10
  7617 | D:9      | Found Kirch's Magic Scroll Shoppe.
  8049 | D:9      | Found Azucs's Jewellery Shop.
  8312 | D:10     | Entered Level 10 of the Dungeon
  8327 | D:10     | Reached skill level 1 in Armour
  8334 | D:10     | Reached skill level 12 in Unarmed Combat
  8399 | D:10     | Identified the ring of Mizaall {rPois rF+ rN+ Dex-3 Slay+6}
  8479 | D:10     | Killed an unseen horror
  8593 | D:10     | Found Utacho's Gadget Emporium.
  8844 | D:11     | Noticed a two-headed ogre
  8873 | D:11     | Noticed a two-headed ogre
  8876 | D:11     | Killed a two-headed ogre
  8880 | D:11     | Killed a two-headed ogre
  9004 | D:11     | Reached *** piety under Ashenzari
  9084 | D:11     | Reached skill level 13 in Unarmed Combat
  9122 | D:11     | Reached skill level 5 in Armour
  9340 | D:9      | Bought a +2 ring of slaying for 273 gold pieces
  9347 | D:9      | Identified a scroll of acquirement
  9347 | D:9      | Identified the cursed +0 large shield of Autotheism {Str+3}
                  | (You acquired it on level 9 of the Dungeon)
  9487 | D:11     | Found a staircase to the Orcish Mines.
  9530 | D:11     | Noticed Maurice
  9576 | D:11     | Killed Maurice
  9594 | D:11     | Found a staircase to the Lair.
  9621 | D:11     | Found a shadowy altar of Dithmenos.
  9685 | D:11     | Noticed a two-headed ogre
  9691 | D:11     | Killed a two-headed ogre
  9813 | D:12     | Found a shimmering altar of Xom.
  9826 | D:12     | Reached XP level 12. HP: 111/111 MP: 11/11
  9892 | Lair:1   | Entered Level 1 of the Lair of Beasts
 10109 | Lair:1   | Reached skill level 14 in Unarmed Combat
 10431 | Lair:1   | Noticed Fannar
 10446 | Lair:1   | Killed Fannar
 10446 | Lair:1   | Reached skill level 5 in Throwing
 10653 | Lair:2   | Reached **** piety under Ashenzari
 10700 | Lair:2   | Noticed a six-headed hydra
 10710 | Lair:2   | Killed a six-headed hydra
 10894 | Lair:2   | Noticed Urug
 10904 | Lair:2   | Killed Urug
 11020 | Lair:2   | Noticed a death yak
 11020 | Lair:2   | Noticed a death yak
 11035 | Lair:2   | Killed a death yak
 11043 | Lair:2   | Killed a death yak
 11043 | Lair:2   | Reached skill level 15 in Unarmed Combat
 11519 | Lair:2   | Reached skill level 1 in Evocations
 11547 | Lair:2   | Found a hole to the Spider Nest.
 11850 | Lair:3   | Noticed a five-headed hydra
 11858 | Lair:3   | a five-headed hydra changed into a tyrant leech
 11866 | Lair:3   | Reached ***** piety under Ashenzari
 11971 | Lair:3   | Noticed an eight-headed hydra
 11977 | Lair:3   | Noticed an emperor scorpion
 11977 | Lair:3   | an eight-headed hydra changed into an emperor scorpion
 11988 | Lair:3   | Killed an emperor scorpion
 12088 | Lair:3   | Found a staircase to the Shoals.
 12466 | Lair:3   | Reached XP level 13. HP: 106/119 MP: 14/14
 13562 | Lair:5   | Reached skill level 16 in Unarmed Combat
 13737 | Lair:5   | Found a dark tunnel.
 13776 | Volcano  | Entered a volcano
 14070 | Volcano  | Noticed a fire dragon
 14082 | Volcano  | Killed a fire dragon
 14438 | D:9      | Bought a scroll of remove curse for 33 gold pieces
 14438 | D:9      | Bought a scroll of enchant armour for 82 gold pieces
 14438 | D:9      | Bought a scroll of remove curse for 33 gold pieces
 14438 | D:9      | Bought 2 scrolls of remove curse for 66 gold pieces
 14701 | Lair:5   | Noticed Kirke
 14715 | Lair:5   | Killed Kirke
 14787 | Lair:5   | Found a staircase to the Slime Pits.
 14922 | Lair:5   | Reached skill level 17 in Unarmed Combat
 15288 | Lair:6   | Entered Level 6 of the Lair of Beasts
 15338 | Lair:6   | Reached XP level 14. HP: 137/137 MP: 15/15
 15381 | Lair:6   | Noticed Rupert
 15714 | Lair:6   | Reached ****** piety under Ashenzari
 16016 | Lair:6   | Learned a level 1 spell: Apportation
 16018 | Lair:6   | Learned a level 1 spell: Summon Butterflies
 16022 | Lair:6   | Learned a level 3 spell: Lesser Beckoning
 16027 | Lair:6   | Learned a level 4 spell: Petrify
 16067 | Lair:6   | Killed Rupert
 16328 | Lair:6   | Reached skill level 10 in Fighting
 16401 | Lair:6   | Reached skill level 1 in Translocations
 16539 | Lair:6   | Identified the +2 helmet of the Snail {MP+9}
 16624 | Lair:6   | Reached skill level 18 in Unarmed Combat
 16646 | Lair:6   | Reached skill level 1 in Spellcasting
 17225 | D:9      | Bought a +3 amulet of reflection for 204 gold pieces
 17338 | Orc:1    | Entered Level 1 of the Orcish Mines
 17443 | Orc:1    | Reached skill level 1 in Transmutations
 17455 | Orc:1    | Reached XP level 15. HP: 115/149 MP: 16/16
 17758 | Orc:2    | Entered Level 2 of the Orcish Mines
 17758 | Orc:2    | Found a staircase to the Elven Halls.
 17785 | Orc:2    | Noticed Josephine
 18180 | Orc:1    | Killed Josephine
 18326 | Orc:1    | Reached skill level 19 in Unarmed Combat
 18694 | Orc:2    | Found Rylipueg's Antique Weapon Emporium.
 18696 | Orc:2    | Found Ytihoicov's Weapon Boutique.
 18709 | Orc:2    | Found Ropn's Book Shoppe.
 18713 | Orc:2    | Found Uniokiet's Book Boutique.
 18725 | Orc:2    | Found Ceustyo's Antique Armour Boutique.
 18732 | Orc:2    | Found Xubicw's Distillery.
 18744 | Orc:2    | Found Weeg's Armour Emporium.
 18775 | Orc:2    | Noticed an orc warlord
 18808 | Orc:1    | Killed an orc warlord
 19245 | Orc:2    | Found Tull's Book Shoppe.
 19374 | Orc:2    | Bought a book of Spatial Translocations for 845 gold pieces
 19377 | Orc:2    | Learned a level 2 spell: Blink
 19381 | Orc:2    | Learned a level 3 spell: Teleport Other
 19384 | Orc:2    | Learned a level 2 spell: Shroud of Golubria
 19848 | D:12     | Reached skill level 1 in Charms
 20335 | D:12     | Noticed Gastronok
 20364 | D:12     | Killed Gastronok
 20521 | D:13     | Found a gate leading to a gauntlet.
 20537 | Gauntlet | Entered a Gauntlet
 20537 | Gauntlet | Found a transporter.
 20559 | Gauntlet | Found a transporter.
 20566 | Gauntlet | Found a transporter.
 20610 | Gauntlet | Found a transporter.
 20628 | Gauntlet | Found a transporter.
 20636 | Gauntlet | Found a transporter.
 20654 | Gauntlet | Found a transporter.
 20674 | Gauntlet | Found a transporter.
 20686 | Gauntlet | Found a transporter.
 20689 | Gauntlet | Identified the ring of Itzous {rElec rPois SInv}
 20698 | Gauntlet | Found a transporter.
 20709 | Gauntlet | Identified the cursed +0 large shield of the Ecumenical
                  | Temple {*Contam rElec rF++ Dex+3}
 20710 | Gauntlet | Found a transporter.
 20713 | Gauntlet | Identified the cursed +1 chain mail of the Hidden Vale
                  | {+Blink Str+2 Int-5}
 20721 | Gauntlet | Identified the ring of the Lotus Blossom {Ice +Blink MR+
                  | Int+3 Dex-2}
 20722 | Gauntlet | Found a transporter.
 20740 | Gauntlet | Found a transporter.
 20794 | Gauntlet | Found a transporter.
 20796 | Gauntlet | Found a transporter.
 20798 | Gauntlet | Found a transporter.
 20832 | Gauntlet | Found a transporter.
 20834 | Gauntlet | Found a transporter.
 20861 | Gauntlet | Reached skill level 20 in Unarmed Combat
 21051 | Gauntlet | Found the +5 robe of Night {Dark MR+ SInv}
 21051 | Gauntlet | Found the +7 pair of quick blades "Gyre" and "Gimble"
                  | {protect}
 21056 | Gauntlet | Identified Enleu's Grimoire of Shape Shifting and Talismans
 21427 | D:13     | Found an iron altar of Okawaru.
 21770 | D:13     | Found a runed translucent door.
 21775 | D:13     | Identified the ring of Wiecoq {*Tele rPois rF+ Slay+4}
 21785 | D:13     | Killed from afar by a crystal guardian

Levels and vault maps discovered:
D:1:      minmay_arrival_up_and_down, layout_rooms,
          hangedman_decor_clover_reticule
D:2:      layout_loops_ring
D:3:      layout_basic, portal_sewer_entry_c, first_ration,
          kennysheep_generic_room_2
D:4:      layout_loops_corners, uniq_ijyb
D:5:      layout_rooms, serial_bayou, serial_bayou_lagoon_a,
          serial_bayou_pond_c, serial_bayou_pond_d, serial_bayou_ford_a,
          gammafunk_ghost_mausoleum
D:6:      layout_cave_pods, minmay_temple_entry_trees, basic_altar
D:7:      layout_loops_ring, lightli_temple_of_fire,
          nicolae_ossuary_entry_false_entrances, the_bakery,
          corexii_item_surrounded_by_moat, uniq_harold, uniq_crazy_yiuf_cottage,
          uniq_pikel
D:8:      layout_loops_corners, serial_shops, shop_coins, shop_fountains, shop,
          shop
D:9:      layout_stronghold, serial_shops, shop, minmay_shop_enchanted_jewellery
D:10:     layout_roguey, serial_shops, nicolae_shop_trees
D:11:     layout_rooms, erik_lair_orcish_takeover, hiddenorc2_lemuel,
          basic_altar, uniq_maurice
D:12:     layout_long_grid, basic_altar, uniq_gastronok
D:13:     layout_loops_ring, basic_altar, gauntlet_entry_generic,
          small_statue_intersection, minmay_crystal_box
Temple:   nicolae_temple_the_god_donut
Lair:1:   layout_layer_cave, serial_bayou_pond_e, minivault_26, uniq_fannar
Lair:2:   layout_small_grid, spider_nest_entry_funnel_web, lemuel_fruit_tree,
          serial_bayou_shore_b, grunt_megastairs_4, uniq_urug
Lair:3:   layout_hall_layers, minmay_shoals_entry_centaurs, lemuel_fruit_fields
Lair:4:   layout_regular_city
Lair:5:   layout_misc_corridors, minmay_slime_entry_pillars,
          nicolae_volcano_entry_two_sided, minmay_lair_oklob_chamber,
          lemuel_fruit_fields, uniq_kirke
Lair:6:   hangedman_lair_in_review, layout_regular_city, uniq_rupert
Orc:1:    layout_caves
Orc:2:    st_orc_open, layout_caves, serial_shops, bzr_entry_dummy,
          nicolae_shop_waterfront, shop, shop, shop, uniq_josephine

Skill      XL: |  1  2  3  4  5  6  7  8  9 10 11 12 13 14 15 |
---------------+----------------------------------------------+-----
Unarmed Combat | 1 2 3 4 5 6 8 9 11 13 15 17 18 20 | 20.2
Dodging        | 2 3 4 5 |  5.0
Fighting       | 3 4 5 8 10 | 10.0
Shields        | 2 5 7 |  7.5
Armour         | 5 |  5.0
Throwing       | 5 |  5.1
Evocations     | 2 |  2.8
Translocations | 3 |  3.5
Spellcasting   | 1 2 |  2.0
Transmutations | 1 |  1.8
Charms         | 2 |  2.0
Stealth        | |  0.3

Action                   |  1- 3 |  4- 6 |  7- 9 | 10-12 | 13-15 || total
-------------------------+-------+-------+-------+-------+-------++-------
Melee: Unarmed           |   116 |   154 |   348 |   787 |  1051 ||  2456
       Punch             |     2 |     4 |     9 |       |       ||    15
Throw: Large rock        |       |       |     8 |    76 |    31 ||   115
       Throwing net      |       |       |       |     1 |       ||     1
 Cast: Lesser Beckoning  |       |       |       |       |     1 ||     1
       Blink             |       |       |       |       |     1 ||     1
Invok: Curse Item        |       |       |     4 |     4 |     2 ||    10
Evoke: Wand              |       |       |       |    10 |       ||    10
  Use: Scroll            |     9 |     4 |     5 |    17 |    10 ||    45
       Potion            |       |       |     1 |     3 |     1 ||     5
 Stab: Sleeping          |     5 |     5 |     4 |     4 |     1 ||    19
       Distracted        |       |       |       |     1 |     1 ||     2
  Eat: Chunk             |    14 |    11 |    32 |    77 |    88 ||   222
Armor: Robe              |    47 |    37 |   122 |   198 |    26 ||   430
       Steam dragon scal |       |       |       |       |   280 ||   280
Dodge: Dodged            |    60 |    59 |   143 |   259 |   377 ||   898
Block: Shield            |       |       |     9 |   349 |   644 ||  1002
       Reflection        |       |       |       |       |    26 ||    26

Table legend:
 A = Non-vault XP
 B = Vault XP
 C = Vault XP percentage of total XP
 D = Non-vault monster count
 E = Vault monster count
 F = Vault count percentage of total count
                 A         B        C        D         E       F
            +---------+---------+-------+---------+---------+-------
      Total |   93397 |   58861 |  38.7 |     565 |     228 |  28.8
            +---------+---------+-------+---------+---------+-------
        D:1 |      42 |       0 |   0.0 |      26 |       0 |   0.0
        D:2 |      86 |       0 |   0.0 |      22 |       0 |   0.0
        D:3 |      18 |      25 |  58.1 |       9 |       9 |  50.0
        D:4 |     179 |      36 |  16.7 |       8 |       1 |  11.1
        D:5 |     678 |       0 |   0.0 |      23 |       0 |   0.0
        D:6 |    1361 |       0 |   0.0 |      22 |       0 |   0.0
        D:7 |    2030 |    1898 |  48.3 |      38 |       4 |   9.5
        D:8 |    2889 |       0 |   0.0 |      39 |       0 |   0.0
        D:9 |    1440 |       0 |   0.0 |      23 |       0 |   0.0
       D:10 |    2644 |       0 |   0.0 |      35 |       0 |   0.0
       D:11 |    5449 |    1634 |  23.1 |      24 |      42 |  63.6
       D:12 |    7052 |    2255 |  24.2 |      35 |       1 |   2.8
       D:13 |    9572 |       0 |   0.0 |      26 |       0 |   0.0
     Lair:1 |    3002 |     991 |  24.8 |      14 |       1 |   6.7
     Lair:2 |    2199 |    3909 |  64.0 |       6 |       8 |  57.1
     Lair:3 |    5238 |     345 |   6.2 |      15 |       3 |  16.7
     Lair:4 |    3614 |       0 |   0.0 |      18 |       0 |   0.0
     Lair:5 |   12041 |    3176 |  20.9 |      44 |       9 |  17.0
     Lair:6 |   20369 |   14295 |  41.2 |      50 |      22 |  30.6
      Orc:1 |   11849 |   10033 |  45.9 |      69 |      25 |  26.6
      Orc:2 |    1645 |    7256 |  81.5 |      19 |      16 |  45.7
      Sewer |       0 |     397 | 100.0 |       0 |      16 | 100.0
    Ossuary |       0 |     965 | 100.0 |       0 |      28 | 100.0
    Volcano |       0 |    6704 | 100.0 |       0 |      26 | 100.0
   Gauntlet |       0 |    4942 | 100.0 |       0 |      17 | 100.0
            +---------+---------+-------+---------+---------+-------
